 Dungeon Crawl Stone Soup version 0.19-a0-1855-gb7442ac (webtiles) character file.

1619 graki42 the Slicer (level 9, -7/61 HPs)
             Began as a Halfling Berserker on Oct 11, 2016.
             Was an Elder of Trog.
             Mangled by Prince Ribbit (15 damage)
             ... on level 6 of the Dungeon.
             The game lasted 00:13:11 (5544 turns).

graki42 the Slicer (Halfling Berserker)             Turns: 5544, Time: 00:13:11

Health: -7/61      AC:  7    Str: 23    XL:     9   Next: 17%
Magic:  9/9        EV: 17    Int:  8    God:    Trog [****..]
Gold:   283        SH:  0    Dex: 14    Spells: 0 memorised, 8 levels left

rFire  . . .     SeeInvis .     y - +0 rapier
rCold  . . .     Gourm    .     u - +0 leather armour
rNeg   . . .     Faith    .     (shield restricted)
rPois  .         Spirit   .     (no helmet)
rElec  .         Dismiss  .     j - +0 cloak
rCorr  .         Reflect  .     n - +1 pair of gloves
MR     .....     Harm     .     (no boots)
Stlth  ++........               (no amulet)
                                (no ring)
                                (no ring)

@: mighty, flying
A: mutation resistance 1
a: Berserk, Trog's Hand, Brothers in Arms, Burn Spellbooks, Renounce Religion


You were on level 6 of the Dungeon.
You worshipped Trog.
Trog was greatly pleased with you.
You were very hungry.

You visited 1 branch of the dungeon, and saw 6 of its levels.

You collected 283 gold pieces.

Inventory:

Hand Weapons
 y - a +0 rapier (weapon)
Armour
 j - a +0 cloak (worn)
 n - a +1 pair of gloves (worn)
 u - a +0 leather armour (worn)
Wands
 b - a wand of digging (12/24)
 h - a wand of lightning (7/15)
 r - a wand of slowing (20/48)
 t - a wand of iceblast (12/15)
 x - a wand of acid (6/15)
Scrolls
 c - 2 scrolls of teleportation {unknown}
 e - 6 scrolls of identify {unknown}
 k - 3 scrolls of remove curse
 l - 2 scrolls of fear {unknown}
 m - a scroll of recharging {unknown}
 o - a scroll of enchant weapon {unknown}
 w - a scroll of magic mapping {unknown}
Potions
 a - a potion of mutation {unknown}
 p - a potion of flight
 q - 3 potions of curing
 s - a potion of heal wounds {unknown}
 v - 2 potions of degeneration {unknown}
Books
 z - a book of Spatial Translocations

   Spells                             Type                      Level
   a - Blink                          Translocation                2
   b - Shroud of Golubria             Charms/Translocation         2
   c - Lesser Beckoning               Translocation                3
   d - Portal Projectile              Translocation                3
   e - Teleport Other                 Translocation                3
   f - Passage of Golubria            Translocation                4
   Trog disapproves of the use of such an item.
Comestibles
 d - 2 meat rations
 i - a bread ration
 A - a chunk of flesh


   Skills:
 + Level 5.1 Fighting
 + Level 9.4 Short Blades
 + Level 5.0 Armour
 + Level 5.3 Dodging
 + Level 2.7 Stealth


You had 8 spell levels left.
You didn't know any spells.

Dungeon Overview and Level Annotations

Branches:
Dungeon (6/15)
 Temple: D:4-7

Altars:
Makhleb
Nemelex Xobeh
Sif Muna
Uskayaw
Vehumet
Yredelemnul
The Shining One

Annotations:
D:6 Prince Ribbit


Innate Abilities, Weirdness & Mutations

You are small and have problems with some larger weapons.
You are somewhat resistant to further mutation.


Message History

You puncture Edmund!
Edmund is severely wounded.
You barely miss Edmund.
Edmund is severely wounded.
Edmund hits you with a dire flail of protection.
* * * LOW HITPOINT WARNING * * *
You puncture Edmund!
Edmund is almost dead.
Prince Ribbit blinks!
Edmund barely misses you.
You barely miss Edmund.
Edmund is severely wounded.
Prince Ribbit lets out a mournful croak.
You puncture Edmund!
You kill Edmund!
Trog accepts your kill.
You feel less exhausted.
You impale Prince Ribbit!!
Prince Ribbit is severely wounded.
Prince Ribbit hits you!
You die...

...............# ....
...............# ...
...............# .
..............##
..............#######
......>.............#
...............†)...#
##+#############....#
# #@..## .# #F..# .+
.....# .# #.....+ .#
#.....# #######


You could see Prince Ribbit.

Vanquished Creatures
  Eustachio (D:5)
  The ghost of Tux the Poker, an amateur MfGl (D:4)
  Edmund (D:6)
  2 orc warriors (D:6)
  A phantom (D:5)
  2 ogres (D:4)
  Blork the orc (D:6)
  2 scorpions (D:5)
  2 howler monkeys
  A bullfrog zombie (D:5)
  A quasit (D:5)
  A bullfrog skeleton (D:5)
  3 orc priests
  A gnoll shaman (D:4)
  An orc wizard (D:4)
  2 iguanas
  2 hound skeletons
  A worker ant zombie (D:6)
  Robin (D:2)
  A howler monkey zombie (D:5)
  4 gnolls (D:4)
  4 adders
  A shadow imp (D:6)
  2 adder skeletons
  5 worms
  3 dart slugs
  A leopard gecko (D:5)
  15 orcs
  6 giant cockroaches
  9 goblins
  8 hobgoblins
  13 jackals
  A quokka (D:2)
  4 bats
  5 frilled lizards
  7 kobolds
  7 rats
123 creatures vanquished.

Notes
Turn   | Place    | Note
-------+----------+-------------------------------------------
     0 | D:1      | graki42 the Halfling Berserker began the quest for the Orb.
     0 | D:1      | Reached XP level 1. HP: 15/15 MP: 1/1
    85 | D:1      | Reached skill level 4 in Short Blades
    85 | D:1      | Reached XP level 2. HP: 13/20 MP: 2/2
   663 | D:1      | Reached XP level 3. HP: 26/26 MP: 3/3
  1469 | D:2      | Reached ** piety under Trog
  1600 | D:2      | Reached XP level 4. HP: 17/31 MP: 4/4
  1762 | D:2      | Reached skill level 5 in Short Blades
  1920 | D:2      | Noticed Robin
  1940 | D:2      | Killed Robin
  2167 | D:3      | Reached XP level 5. HP: 35/36 MP: 5/5
  2191 | D:3      | Found a burning altar of Makhleb.
  2590 | D:3      | Found a radiant altar of Vehumet.
  2602 | D:3      | Found a glowing golden altar of the Shining One.
  2603 | D:3      | Found a basalt altar of Yredelemnul.
  2605 | D:3      | Found a sparkling altar of Nemelex Xobeh.
  2961 | D:4      | Reached skill level 1 in Stealth
  2984 | D:4      | Reached XP level 6. HP: 35/43 MP: 6/6
  3199 | D:4      | Reached *** piety under Trog
  3214 | D:4      | Reached skill level 6 in Short Blades
  3659 | D:4      | Noticed an ogre
  3668 | D:4      | Killed an ogre
  3668 | D:4      | Reached XP level 7. HP: 31/47 MP: 7/7
  3821 | D:4      | Noticed Tux's ghost (amateur MfGl)
  3830 | D:4      | Killed Tux's ghost
  3830 | D:4      | Reached skill level 7 in Short Blades
  3997 | D:5      | Entered Level 5 of the Dungeon
  4096 | D:5      | Noticed Eustachio
  4113 | D:5      | Killed Eustachio
  4113 | D:5      | Reached XP level 8. HP: 54/54 MP: 8/8
  4518 | D:5      | Reached skill level 8 in Short Blades
  5230 | D:6      | Noticed Blork the orc
  5243 | D:6      | Killed Blork the orc
  5339 | D:6      | Found a deep blue altar of Sif Muna.
  5339 | D:6      | Found a hide-covered altar of Uskayaw.
  5395 | D:6      | Reached skill level 5 in Armour
  5395 | D:6      | Reached skill level 5 in Dodging
  5480 | D:6      | Noticed Prince Ribbit
  5481 | D:6      | Reached **** piety under Trog
  5482 | D:6      | Noticed Edmund
  5484 | D:6      | Reached skill level 9 in Short Blades
  5484 | D:6      | Reached XP level 9. HP: 60/60 MP: 9/9
  5492 | D:6      | Reached skill level 5 in Fighting
  5542 | D:6      | Killed Edmund
  5544 | D:6      | Mangled by Prince Ribbit

Vault maps used:
D:1:      lemuel_arrival_behind_the_door_small
D:2:      first_bread, uniq_robin
D:3:      lemuel_round_altar, minitemple
D:5:      serial_bayou, serial_bayou_crossing, serial_bayou_ford_a,
          serial_bayou_shore_b, serial_bayou_lagoon_b,
          small_statue_intersection, uniq_eustachio
D:6:      amethyst_overflow_temple_binary, serial_shops,
          nicolae_shop_behind_doors, minmay_crystal_water, uniq_blork_the_orc,
          uniq_prince_ribbit1, uniq_menkaure, uniq_edmund

Skill      XL: |  1  2  3  4  5  6  7  8  9 |
---------------+----------------------------+-----
Short Blades   | 4 5 6 7 9 |  9.4
Fighting       | 3 4 5 |  5.1
Armour         | 3 4 5 |  5.0
Stealth        | 1 2 |  2.7
Dodging        | 3 4 5 |  5.3

Action                   |  1- 3 |  4- 6 |  7- 9 || total
-------------------------+-------+-------+-------++-------
Melee: Short sword       |   159 |   288 |       ||   447
       Rapier            |       |       |   217 ||   217
Invok: Berserk           |     2 |     3 |     7 ||    12
       Trog's Hand       |       |     1 |       ||     1
  Use: Potion            |       |       |     4 ||     4
       Scroll            |       |       |     1 ||     1
 Stab: Sleeping          |       |       |     2 ||     2
  Eat: Chunk             |     1 |     7 |     3 ||    11
       Bread ration      |     1 |       |     2 ||     3
       Beef jerky        |       |     1 |       ||     1
Armor: Animal skin       |    10 |       |       ||    10
       Scale mail        |    13 |    68 |       ||    81
       Leather armour    |       |     9 |    42 ||    51
Dodge: Dodged            |    73 |   169 |   194 ||   436
